 Dungeon Crawl Stone Soup version 0.19.0-11-g3fc08b3 (webtiles) character file.

205 Chiseanne the Magician (level 5, 36/36 HPs)
             Began as a Demonspawn Wizard on Nov 9, 2016.
             Was an Initiate of Vehumet.
             Quit the game on level 4 of the Dungeon.
             The game lasted 00:05:36 (4106 turns).

Chiseanne the Magician (Demonspawn Wizard)          Turns: 4106, Time: 00:05:37

Health: 36/36      AC:  4    Str:  7    XL:     5   Next: 53%
Magic:  1/12       EV: 12    Int: 21    God:    Vehumet [......]
Gold:   147        SH:  0    Dex: 11    Spells: 4 memorised, 4 levels left

rFire  . . .     SeeInvis +     a - +1 dagger (venom)
rCold  . . .     Gourm    +     p - +0 robe
rNeg   . . .     Faith    .     (no shield)
rPois  .         Spirit   .     b - +1 hat
rElec  .         Reflect  .     (no cloak)
rCorr  .         Harm     .     (no gloves)
MR     .....                    (no boots)
Stlth  ++........               q - amulet of the gourmand
                                (no ring)
                                n - ring of see invisible

@: no status effects
A: rugged brown scales 1, demonic guardian 1, rot immunity
a: Renounce Religion


You were on level 4 of the Dungeon.
You worshipped Vehumet.
Vehumet was noncommittal.
You were completely stuffed.

You visited 1 branch of the dungeon, and saw 4 of its levels.

You collected 147 gold pieces.

Inventory:

Hand Weapons
 a - a +1 dagger of venom (weapon)
 s - a +0 short sword of speed
Missiles
 g - 31 poisoned needles
 j - 3 needles of confusion
 l - 33 sling bullets
 m - 118 stones (quivered)
 t - 2 tomahawks of returning
 v - 38 bolts
Armour
 b - a +1 hat (worn)
 p - a +0 robe (worn)
Jewellery
 n - a ring of see invisible (left hand)
 q - an amulet of the gourmand (around neck)
Scrolls
 i - a scroll of blinking
 r - a scroll of enchant weapon
 w - a scroll of identify
 y - a scroll of magic mapping
Potions
 e - a potion of invisibility {unknown}
 f - a potion of beneficial mutation {unknown}
 h - 3 potions of heal wounds {unknown}
 k - 2 potions of brilliance {unknown}
 u - a potion of mutation {unknown}
 A - a potion of degeneration {unknown}
 B - a potion of ambrosia {unknown}
Comestibles
 d - 2 bread rations
 o - a beef jerky


   Skills:
 - Level 1.7 Dodging
 - Level 1.7 Stealth
 * Level 4.8 Spellcasting
 * Level 3.6 Conjurations
   Level 1.0 Summonings
 - Level 0.8 Translocations


You had 4 spell levels left.
You knew the following spells:

 Your Spells              Type           Power        Failure   Level  Hunger
a - Magic Dart            Conj           ###.         2%          1    None
b - Mephitic Cloud        Conj/Pois/Air  ##......     24%         3    ##.....
c - Conjure Flame         Conj/Fire      ##......     17%         3    ##.....
d - Blink                 Tloc           N/A          12%         2    None


Dungeon Overview and Level Annotations

Branches:
Dungeon (4/15)
 Temple: D:4-7

Altars:
Dithmenos
Vehumet


Innate Abilities, Weirdness & Mutations

You are partially covered in rugged brown scales. (AC +1, +3% HP)
A weak demonic guardian rushes to your aid.
You are immune to rotting.


Message History

Casting: Magic Dart
Confirm with . or Enter, or press ? or * to list all spells.
Aiming: Magic Dart
Press: ? - help, Shift-Dir - straight line, f/p - ogre
Aim: an ogre, wielding a giant spiked club (severely wounded, confused)
The magic dart hits the ogre.
The ogre is almost dead.
A leopard gecko comes into view.
Casting: Magic Dart
Confirm with . or Enter, or press ? or * to list all spells.
Aiming: Magic Dart
Press: ? - help, Shift-Dir - straight line, f/p - ogre
Aim: an ogre, wielding a giant spiked club (almost dead, confused)
The magic dart hits the ogre.
You kill the ogre!
Vehumet accepts your kill.
You have reached level 5!
Your demonic ancestry asserts itself...
You feel the presence of a demonic guardian.
Are you sure you want to abandon this character and quit the game? (Confirm with "yes".)

#.######
#.l.:@.#
#.....##.#
#.###. .#
#. .) #.
.## .. .#
## .# .#


You could see a leopard gecko.

Vanquished Creatures
  An ogre (D:4)
  3 adders
  A shadow imp (D:3)
  4 worms
  A dart slug (D:1)
  2 leopard geckos (D:3)
  3 orcs (D:3)
  6 giant cockroaches
  12 hobgoblins
  4 jackals (D:3)
  6 bats
  2 frilled lizards (D:3)
  8 goblins
  10 kobolds
  6 rats
69 creatures vanquished.

Vanquished Creatures (others)
  An adder (D:3)
1 creature vanquished.

Grand Total: 70 creatures vanquished

Notes
Turn   | Place    | Note
-------+----------+-------------------------------------------
     0 | D:1      | Chiseanne the Demonspawn Wizard began the quest for the Orb.
     0 | D:1      | Reached XP level 1. HP: 13/13 MP: 4/4
   319 | D:1      | Gained mutation: You are partially covered in rugged brown scales. (AC +1, +3% HP) [demonic ancestry]
   319 | D:1      | Reached XP level 2. HP: 7/19 MP: 1/6
  1468 | D:1      | Reached XP level 3. HP: 24/24 MP: 0/8
  2130 | D:2      | Found a shadowy altar of Dithmenos.
  2471 | D:2      | Gained mutation: You are immune to rotting. [demonic ancestry]
  2471 | D:2      | Reached XP level 4. HP: 30/30 MP: 6/9
  2532 | D:2      | Reached skill level 4 in Spellcasting
  3673 | D:3      | Found a radiant altar of Vehumet.
  3684 | D:3      | Became a worshipper of Vehumet
  4083 | D:4      | Noticed an ogre
  4089 | D:4      | Learned a level 3 spell: Mephitic Cloud
  4093 | D:4      | Learned a level 3 spell: Conjure Flame
  4096 | D:4      | Learned a level 2 spell: Blink
  4105 | D:4      | Killed an ogre
  4105 | D:4      | Gained mutation: A weak demonic guardian rushes to your aid. [demonic ancestry]
  4105 | D:4      | Reached XP level 5. HP: 36/36 MP: 0/12
  4106 | D:4      | Quit the game

Skill      XL: |  1  2  3  4 |
---------------+-------------+-----
Conjurations   | 2 3 |  3.6
Spellcasting   | 4 |  4.8
Dodging        | |  1.7
Stealth        | |  1.7
Summonings     | |  1.0
Translocations | |  0.8

Action                   |  1- 3 |  4- 6 || total
-------------------------+-------+-------++-------
Melee: Unarmed           |    30 |       ||    30
       Short sword       |    11 |       ||    11
       Dagger            |    24 |    23 ||    47
 Cast: Magic Dart        |    88 |    73 ||   161
       Mephitic Cloud    |       |     1 ||     1
  Use: Scroll            |     5 |     3 ||     8
  Eat: Chunk             |     4 |    14 ||    18
Armor: Robe              |    17 |     8 ||    25
Dodge: Dodged            |    56 |    34 ||    90
